NCAA
MIAMI HURRICANES @ STANFORD CARDINAL
05/03/2025
 
TOP OF THE 1ST
Miami Hurricanes batting - Pitching for Stanford Cardinal : RHP Daniel Carter
Pitching: RHP Daniel Carter
Batting: LHB Elvin Summers 0-0: Called Strike
0-1: Ball
1-1: SINGLE (Line Drive, 34)
Batting: LHB Andrew Holt 0-0: Ball
1-0: Foul Ball, location: 2F
1-1: Fly out, F7 (Flyball, 7M)
Batting: SHB Will Davis 0-0: Called Strike
0-1: Called Strike
Elvin Summers steals 2nd base
0-2: Ball
1-2: Fly out, F9 (Line Drive, 9M)
Runner from 2nd tags up, SAFE at 3rd with throw
Batting: LHB Earl Wigfall 0-0: Ball
Passed Ball!
Elvin Summers scores
1-0: Foul Ball, location: 2F
1-1: SINGLE (Line Drive, 89S)
Batting: RHB Rob Brown 0-0: Called Strike
0-1: Foul Ball, location: 2F
0-2: Ball
Balk!
Earl Wigfall to second
1-2: Strikes out swinging
Top of the 1st over - 1 run(s), 2 hit(s), 0 error(s), 1 left on base; Miami 1 - Stanford 0
BOTTOM OF THE 1ST
Stanford Cardinal batting - Pitching for Miami Hurricanes : RHP Ron Moore
Pitching: RHP Ron Moore
Batting: LHB Bob James 0-0: Ball
1-0: Ball
2-0: Ground out 3-1 (Groundball, 34)
Batting: LHB Alberto Roberts 0-0: Ball
1-0: Foul Ball, location: 2F
1-1: Ball
2-1: Ball
3-1: Ground out U3 (Groundball, 3L)
Batting: RHB Fernando Vargas 0-0: Ball
1-0: Ball
2-0: Ball
3-0: Base on Balls
Batting: RHB Albert Abbott 0-0: Ground out 1-3 (Groundball, 13)
Bottom of the 1st over - 0 run(s), 0 hit(s), 0 error(s), 1 left on base; Miami 1 - Stanford 0
TOP OF THE 2ND
Miami Hurricanes batting - Pitching for Stanford Cardinal : RHP Daniel Carter
Batting: RHB Rodrigo García 0-0: Swinging Strike
0-1: Ball
1-1: Swinging Strike
1-2: Strikes out swinging
Batting: RHB Craig Griffith 0-0: SINGLE (Groundball, 56)
Batting: RHB Aaron Corbett 0-0: Swinging Strike
0-1: Ball
1-1: Foul Ball, location: 2F
1-2: Ball
2-2: Ground out 4-3 (Groundball, 4M)
Craig Griffith to second
Batting: RHB Vincent Hancock 0-0: Ball
1-0: Foul Ball, location: 2F
1-1: Ball
2-1: Swinging Strike
2-2: Strikes out swinging
Top of the 2nd over - 0 run(s), 1 hit(s), 0 error(s), 1 left on base; Miami 1 - Stanford 0
BOTTOM OF THE 2ND
Stanford Cardinal batting - Pitching for Miami Hurricanes : RHP Ron Moore
Batting: LHB Roderick Delgado 0-0: Ball
1-0: Called Strike
1-1: SINGLE (Groundball, 56D)
Batting: LHB Manny Vigil 0-0: Ball
Wild Pitch!
Roderick Delgado to second
1-0: Swinging Strike
1-1: Called Strike
1-2: SINGLE (Groundball, 4M)
Roderick Delgado to third
Runner from 3rd tries for Home, SAFE, throw made home
Batting: RHB Daniel Carter 0-0: Foul Ball, location: 2F
0-1: Foul Ball, location: 2F
0-2: Ball
1-2: Strikes out swinging
Batting: RHB Foster Robinson 0-0: Ball
1-0: DOUBLE (Line Drive, 7LM)
Manny Vigil to third
Batting: RHB Scott McGuire 0-0: Foul Ball, location: 2F
0-1: Fly out, F9 (Flyball, 9M)
Runner from 3rd tags up, SCORES, throw made
Batting: LHB Bob James 0-0: Ball
1-0: Ball
2-0: Foul Ball, location: 2F
2-1: Called Strike
2-2: Ball
3-2: Ground out 4-3 (Groundball, 4)
Bottom of the 2nd over - 2 run(s), 3 hit(s), 0 error(s), 1 left on base; Miami 1 - Stanford 2
TOP OF THE 3RD
Miami Hurricanes batting - Pitching for Stanford Cardinal : RHP Daniel Carter
Batting: LHB Elvin Summers 0-0: Called Strike
0-1: Foul Ball, location: 2F
0-2: Fly out, F8 (Line Drive, 8LM)
Batting: LHB Andrew Holt 0-0: Foul Ball, location: 2F
0-1: Ball
1-1: SINGLE (Groundball, 34D)
Batting: SHB Will Davis 0-0: Ball
1-0: Fly out, F7 (Flyball, 78M)
Batting: LHB Earl Wigfall 0-0: Foul Ball, location: 2F
0-1: Called Strike
0-2: Strikes out swinging
Top of the 3rd over - 0 run(s), 1 hit(s), 0 error(s), 1 left on base; Miami 1 - Stanford 2
BOTTOM OF THE 3RD
Stanford Cardinal batting - Pitching for Miami Hurricanes : RHP Ron Moore
Batting: LHB Alberto Roberts 0-0: Ground out 6-3 (Groundball, 6M)
Batting: RHB Fernando Vargas 0-0: Swinging Strike
0-1: Called Strike
0-2: Strikes out swinging
Batting: RHB Albert Abbott 0-0: Ball
1-0: Ball
2-0: Swinging Strike
2-1: Foul Ball, location: 2F
2-2: Foul Ball, location: 2F
2-2: Foul Ball, location: 2F
2-2: Ball
3-2: SINGLE (Line Drive, 7S)
Batting: LHB Roderick Delgado 0-0: Ground out 4-3 (Groundball, 4)
Bottom of the 3rd over - 0 run(s), 1 hit(s), 0 error(s), 1 left on base; Miami 1 - Stanford 2
TOP OF THE 4TH
Miami Hurricanes batting - Pitching for Stanford Cardinal : RHP Daniel Carter
Batting: RHB Rob Brown 0-0: Foul Ball, location: 2F
0-1: Called Strike
0-2: Ball
1-2: Foul Ball, location: 2F
1-2: Foul Ball, location: 2F
1-2: Foul Ball, location: 2F
1-2: Ball
2-2: Strikes out looking
Batting: RHB Rodrigo García 0-0: Fly out, F9 (Flyball, 9M)
Batting: RHB Craig Griffith 0-0: SOLO HOME RUN (Flyball, 8RXD), Distance : 408 ft
Batting: RHB Aaron Corbett 0-0: Swinging Strike
0-1: Called Strike
0-2: Ball
1-2: Ball
2-2: Foul Ball, location: 2F
2-2: Strikes out looking
Top of the 4th over - 1 run(s), 1 hit(s), 0 error(s), 0 left on base; Miami 2 - Stanford 2
BOTTOM OF THE 4TH
Stanford Cardinal batting - Pitching for Miami Hurricanes : RHP Ron Moore
Batting: LHB Manny Vigil 0-0: Swinging Strike
0-1: Ball
1-1: Ground out 5-3 (Groundball, 56)
Batting: RHB Daniel Carter 0-0: Ground out 5-3 (Groundball, 15S)
Batting: RHB Foster Robinson 0-0: Swinging Strike
0-1: Foul Ball, location: 2F
0-2: Ball
1-2: Strikes out swinging
Bottom of the 4th over - 0 run(s), 0 hit(s), 0 error(s), 0 left on base; Miami 2 - Stanford 2
TOP OF THE 5TH
Miami Hurricanes batting - Pitching for Stanford Cardinal : RHP Daniel Carter
Batting: RHB Vincent Hancock 0-0: Ball
1-0: Fly out, F8 (Popup, 4MD)
Batting: LHB Elvin Summers 0-0: Ball
1-0: Ball
2-0: Ball
3-0: Called Strike
3-1: Base on Balls
Batting: LHB Andrew Holt 0-0: Ball
1-0: Foul Ball, location: 2F
1-1: Fly out, F7 (Flyball, 7M)
Batting: SHB Will Davis 0-0: Ball
1-0: Ball
2-0: Ball
3-0: Foul Ball, location: 2F
3-1: Foul Ball, location: 2F
3-2: Strikes out looking
Top of the 5th over - 0 run(s), 0 hit(s), 0 error(s), 1 left on base; Miami 2 - Stanford 2
BOTTOM OF THE 5TH
Stanford Cardinal batting - Pitching for Miami Hurricanes : RHP Ron Moore
Batting: RHB Scott McGuire 0-0: Called Strike
0-1: Foul Ball, location: 2F
0-2: Foul Ball, location: 2F
0-2: Strikes out swinging
Batting: LHB Bob James 0-0: SINGLE (Groundball, 13) (infield hit)
Batting: LHB Alberto Roberts 0-0: Swinging Strike
0-1: Called Strike
0-2: Ball
1-2: Strikes out looking
Batting: RHB Fernando Vargas 0-0: Called Strike
0-1: Ground out 6-3 (Groundball, 6)
Bottom of the 5th over - 0 run(s), 1 hit(s), 0 error(s), 1 left on base; Miami 2 - Stanford 2
TOP OF THE 6TH
Miami Hurricanes batting - Pitching for Stanford Cardinal : RHP Daniel Carter
Batting: LHB Earl Wigfall 0-0: Ball
1-0: Foul Ball, location: 2F
1-1: Foul Ball, location: 2F
1-2: Strikes out swinging
Batting: RHB Rob Brown 0-0: Ball
1-0: Ball
2-0: Ball
3-0: Called Strike
3-1: SINGLE (Groundball, 6M)
Pitching: RHP Ricardo Gutiérrez
Batting: RHB Rodrigo García 0-0: Swinging Strike
0-1: Foul Ball, location: 2F
0-2: SINGLE (Line Drive, 8LS)
Rob Brown to second
Batting: RHB Craig Griffith 0-0: Ball
1-0: Ball
2-0: Called Strike
2-1: Ball
3-1: Called Strike
3-2: Base on Balls
Rob Brown to third
Rodrigo García to second
Batting: RHB Aaron Corbett 0-0: Ball
1-0: Called Strike
1-1: Ball
2-1: Swinging Strike
2-2: Ball
3-2: Base on Balls
Rob Brown scores
Rodrigo García to third
Craig Griffith to second
Batting: RHB Vincent Hancock 0-0: Ball
1-0: Ball
2-0: Foul Ball, location: 2F
2-1: Ball
3-1: Fly out, F3 (Popup, 3D)
Batting: LHB Elvin Summers 0-0: Foul Ball, location: 2F
0-1: Swinging Strike
0-2: Ball
1-2: SINGLE (Groundball, 4MD)
Rodrigo García scores
Craig Griffith to third
Aaron Corbett to second
Runner from 3rd tries for Home, SAFE, no throw or cutoff
Batting: LHB Andrew Holt 0-0: Ball
1-0: Foul Ball, location: 2F
1-1: Foul Ball, location: 2F
1-2: Ball
2-2: Ball
3-2: Base on Balls
Aaron Corbett to third
Elvin Summers to second
Batting: SHB Will Davis 0-0: Swinging Strike
0-1: Ball
1-1: Ball
2-1: Fly out, F8 (Flyball, 8RM)
Top of the 6th over - 3 run(s), 3 hit(s), 0 error(s), 3 left on base; Miami 5 - Stanford 2
BOTTOM OF THE 6TH
Stanford Cardinal batting - Pitching for Miami Hurricanes : RHP Ron Moore
Batting: RHB Albert Abbott 0-0: Ball
1-0: Called Strike
1-1: Ball
2-1: Ball
3-1: Foul Ball, location: 2F
3-2: Foul Ball, location: 2F
3-2: Base on Balls
Batting: LHB Roderick Delgado 0-0: 2-RUN HOME RUN (Flyball, 8RXD), Distance : 398 ft
Batting: LHB Manny Vigil 0-0: Called Strike
0-1: SINGLE (Groundball, 5L)
Batting: RHB Daniel Carter 0-0: Ball
1-0: Swinging Strike
1-1: Swinging Strike
1-2: Ground out 4-3 (Groundball, 4M)
Manny Vigil to second
Pitching: RHP Lucas Gregory
Batting: RHB Foster Robinson 0-0: Ball
1-0: Ball
2-0: Called Strike
2-1: Ball
3-1: Swinging Strike
3-2: Foul Ball, location: 2F
3-2: Base on Balls
Batting: RHB Scott McGuire 0-0: Fly out, F8 (Flyball, 8RS)
Batting: LHB Bob James 0-0: Called Strike
0-1: Ball
1-1: Ball
2-1: Ball
3-1: Base on Balls
Manny Vigil to third
Foster Robinson to second
Batting: LHB Alberto Roberts 0-0: Foul Ball, location: 2F
0-1: Ball
1-1: Foul Ball, location: 2F
1-2: Fly out, F9 (Flyball, 89M)
Bottom of the 6th over - 2 run(s), 2 hit(s), 0 error(s), 3 left on base; Miami 5 - Stanford 4
TOP OF THE 7TH
Miami Hurricanes batting - Pitching for Stanford Cardinal : RHP Ricardo Gutiérrez
Pitching: RHP Devin Brown
Batting: LHB Earl Wigfall 0-0: Ball
1-0: Foul Ball, location: 2F
1-1: Ball
2-1: Ball
3-1: Foul Ball, location: 2F
3-2: Strikes out looking
Batting: RHB Rob Brown 0-0: Ball
1-0: Ball
2-0: Called Strike
2-1: Foul Ball, location: 2F
2-2: SOLO HOME RUN (Flyball, 9LD), Distance : 315 ft
Batting: RHB Rodrigo García 0-0: Foul Ball, location: 2F
0-1: Ball
1-1: Fly out, F8 (Flyball, 8RM)
Batting: RHB Craig Griffith 0-0: Called Strike
0-1: Called Strike
0-2: Ball
1-2: Foul Ball, location: 2F
1-2: Foul Ball, location: 2F
1-2: Foul Ball, location: 2F
1-2: Strikes out swinging
Top of the 7th over - 1 run(s), 1 hit(s), 0 error(s), 0 left on base; Miami 6 - Stanford 4
BOTTOM OF THE 7TH
Stanford Cardinal batting - Pitching for Miami Hurricanes : RHP Lucas Gregory
Batting: RHB Fernando Vargas 0-0: Called Strike
0-1: Fly out, F9 (Flyball, 9M)
Batting: RHB Albert Abbott 0-0: Swinging Strike
0-1: Ball
1-1: Ground out 5-3 (Groundball, 5S)
Batting: LHB Roderick Delgado 0-0: SOLO HOME RUN (Line Drive, 7D), Distance : 350 ft
Batting: LHB Manny Vigil 0-0: Ball
1-0: Ball
2-0: Ball
3-0: Base on Balls
Batting: RHB Daniel Carter 0-0: Called Strike
Manny Vigil is caught stealing 2nd base
Bottom of the 7th over - 1 run(s), 1 hit(s), 0 error(s), 0 left on base; Miami 6 - Stanford 5
TOP OF THE 8TH
Miami Hurricanes batting - Pitching for Stanford Cardinal : RHP Devin Brown
Batting: RHB Aaron Corbett 0-0: Ball
1-0: Called Strike
1-1: Swinging Strike
1-2: Strikes out swinging
Batting: RHB Vincent Hancock 0-0: SINGLE (Groundball, 6MD)
Batting: LHB Elvin Summers 0-0: Called Strike
Vincent Hancock steals 2nd base
0-1: Ball
1-1: Ball
2-1: Foul Ball, location: 2F
2-2: Ball
3-2: Base on Balls
Batting: LHB Andrew Holt 0-0: Foul Ball, location: 2F
0-1: Fly out, F8 (Flyball, 8LM)
Batting: SHB Will Davis 0-0: Ball
1-0: Foul Ball, location: 2F
1-1: Foul Ball, location: 2F
1-2: Strikes out swinging
Top of the 8th over - 0 run(s), 1 hit(s), 0 error(s), 2 left on base; Miami 6 - Stanford 5
BOTTOM OF THE 8TH
Stanford Cardinal batting - Pitching for Miami Hurricanes : RHP Lucas Gregory
Pitching: RHP Howard Clear
Now at SS: Steve Lynch
Batting: RHB Daniel Carter 0-0: Foul Ball, location: 2F
0-1: Ball
1-1: Ball
2-1: Called Strike
2-2: Ball
3-2: Strikes out swinging
Pitching: RHP Dave Edwards
Batting: RHB Foster Robinson 0-0: Ball
1-0: Ground out 6-3 (Groundball, 6MS)
Batting: RHB Scott McGuire 0-0: DOUBLE (Flyball, 9S)
Pitching: LHP Matt Lewis
Batting: LHB Bob James 0-0: Ball
1-0: Called Strike
1-1: Ball
2-1: Ball
3-1: SINGLE (Groundball, 4MD)
Scott McGuire to third
Runner from 3rd tries for Home, SAFE, no throw or cutoff
Batting: LHB Alberto Roberts 0-0: Ball
1-0: Ball
2-0: Swinging Strike
2-1: Ball
3-1: SINGLE (Flyball, 7LS)
Bob James to second
Batting: RHB Fernando Vargas 0-0: Ball
Wild Pitch!
Bob James to third
Alberto Roberts to second
1-0: Ground out 6-3 (Groundball, 6)
Bottom of the 8th over - 1 run(s), 3 hit(s), 0 error(s), 2 left on base; Miami 6 - Stanford 6
TOP OF THE 9TH
Miami Hurricanes batting - Pitching for Stanford Cardinal : RHP Devin Brown
Pitching: RHP Tom Newell
Batting: LHB Earl Wigfall 0-0: Ball
1-0: Ball
2-0: Called Strike
2-1: Foul Ball, location: 2F
2-2: Strikes out swinging
Batting: RHB Rob Brown 0-0: Swinging Strike
0-1: SINGLE (Line Drive, 4MD)
Batting: RHB Rodrigo García 0-0: Fly out, F7 (Flyball, 7M)
Batting: RHB Craig Griffith 0-0: Foul Ball, location: 2F
0-1: Swinging Strike
0-2: Foul Ball, location: 2F
0-2: Ball
1-2: SINGLE (Flyball, 8RS)
Rob Brown to second
Runner from 2nd tries for 3rd, SAFE, throw made to third
Batting: RHB Aaron Corbett 0-0: Foul Ball, location: 2F
0-1: Called Strike
0-2: Ball
1-2: Strikes out looking
Top of the 9th over - 0 run(s), 2 hit(s), 0 error(s), 2 left on base; Miami 6 - Stanford 6
BOTTOM OF THE 9TH
Stanford Cardinal batting - Pitching for Miami Hurricanes : LHP Matt Lewis
Batting: RHB Albert Abbott 0-0: Foul Ball, location: 2F
0-1: Foul Ball, location: 2F
0-2: Ball
1-2: Ball
2-2: Ball
3-2: Fly out, F8 (Line Drive, 8LS)
Pitching: RHP Bartolo Delvalle
Batting: LHB Roderick Delgado 0-0: Ball
1-0: Foul Ball, location: 2F
1-1: Foul Ball, location: 2F
1-2: Fly out, F7 (Popup, 8LS)
Batting: LHB Manny Vigil 0-0: Called Strike
0-1: Fly out, F9 (Flyball, 89M)
Bottom of the 9th over - 0 run(s), 0 hit(s), 0 error(s), 0 left on base; Miami 6 - Stanford 6
TOP OF THE 10TH
Miami Hurricanes batting - Pitching for Stanford Cardinal : RHP Tom Newell
Batting: RHB Vincent Hancock 0-0: Swinging Strike
0-1: Swinging Strike
0-2: Foul Ball, location: 2F
0-2: Strikes out looking
Batting: LHB Elvin Summers 0-0: Called Strike
0-1: Fly out, F9 (Flyball, 9M)
Batting: SHB Steve Lynch 0-0: Ball
1-0: Ball
2-0: Fly out, F5 (Popup, 5F)
Top of the 10th over - 0 run(s), 0 hit(s), 0 error(s), 0 left on base; Miami 6 - Stanford 6
BOTTOM OF THE 10TH
Stanford Cardinal batting - Pitching for Miami Hurricanes : RHP Bartolo Delvalle
Batting: RHB Daniel Carter 0-0: Ball
1-0: Ground out 6-3 (Groundball, 6)
Batting: RHB Foster Robinson 0-0: Called Strike
0-1: Swinging Strike
0-2: Strikes out swinging
Batting: RHB Scott McGuire 0-0: Ball
1-0: SINGLE (Flyball, 9M)
Batting: LHB Bob James 0-0: Called Strike
0-1: Swinging Strike
0-2: Ball
1-2: Fly out, F7 (Flyball, 7S)
Bottom of the 10th over - 0 run(s), 1 hit(s), 0 error(s), 1 left on base; Miami 6 - Stanford 6
TOP OF THE 11TH
Miami Hurricanes batting - Pitching for Stanford Cardinal : RHP Tom Newell
Pitching: LHP Robert Cochran
Batting: SHB Will Davis 0-0: Swinging Strike
0-1: Swinging Strike
0-2: Ball
1-2: Foul Ball, location: 2F
1-2: Strikes out looking
Batting: LHB Earl Wigfall 0-0: Ball
1-0: Ball
2-0: Ball
3-0: Base on Balls
Batting: RHB Rob Brown 0-0: Ball
1-0: Called Strike
1-1: Fly out, F3 (Popup, 34)
Batting: RHB Rodrigo García 0-0: Called Strike
0-1: Ball
1-1: Fly out, F9 (Popup, 34D)
Top of the 11th over - 0 run(s), 0 hit(s), 0 error(s), 1 left on base; Miami 6 - Stanford 6
BOTTOM OF THE 11TH
Stanford Cardinal batting - Pitching for Miami Hurricanes : RHP Bartolo Delvalle
Batting: LHB Alberto Roberts 0-0: SOLO HOME RUN (Flyball, 9LD), Distance : 335 ft
This league is powered by Out of the Park Baseball, the baseball management simulation game for PC, Mac and Linux
Tuesday, August 2nd, 2016 - OOTP Baseball 16.8 Build 38